 Dungeon Crawl Stone Soup version 0.29-a0-284-gf9362112df (webtiles) character file.

Game seed: 1511387985988237669

32 oldriver the Shooter (level 3, -1/33 HPs)
             Began as a Naga Hunter on Mar 25, 2022.
             Killed by divine providence
             ... invoked by an orc priest
              (14 damage)
             ... on level 4 of the Dungeon.
             The game lasted 00:01:13 (1660 turns).

oldriver the Shooter (Naga Hunter)                  Turns: 1660, Time: 00:01:13

Health: -1/33      AC:  2    Str: 13    XL:     3   Next: 25%
Magic:  3/3        EV: 24    Int:  9    God:
Gold:   49         SH:  0    Dex: 16    Spells: 2/2 levels left

rFire   . . .      SeeInvis +   a - +1 shortbow
rCold   . . .      Faith    .   (shield currently unavailable)
rNeg    . . .      Spirit   .   b - +0 leather armour
rPois   +          Reflect  .   (no helmet)
rElec   .          Harm     .   (no cloak)
rCorr   .          Rampage  .   (no gloves)
Will    .....                   (no barding)
Stlth   ++........              g - amulet of the acrobat
HPRegen 0.11/turn               (no ring)
MPRegen 0.08/turn               (no ring)

@: acrobatic, very slow
A: AC +1, large, see invisible, deformed body, poison resistance, slowness 2,
spit poison 1, naga tail 1
a: Spit Poison


You were on level 4 of the Dungeon.
You visited 1 branch of the dungeon, and saw 3 of its levels.

You collected 49 gold pieces.

Inventory:

Hand Weapons
 a - a +1 shortbow (weapon)
 j - a +1 whip of freezing
Armour
 b - a +0 leather armour (worn)
Jewellery
 g - an amulet of the acrobat (around neck)
Scrolls
 c - a scroll of immolation
 e - a scroll of identify {unknown}
Potions
 d - a potion of attraction {unknown}
 f - 2 potions of heal wounds {unknown}
 h - a potion of cancellation {unknown}
 i - a potion of haste {unknown}


   Skills:
 + Level 2.4 Fighting
 * Level 4.1 Bows
 - Level 1.5 Dodging
 + Level 2.7 Stealth


You had 2 spell levels left.
You didn't know any spells.
Your spell library contained the following spells:

 Spells                   Type           Power      Damage    Failure   Level
 Summon Small Mammal      Summ           0%         N/A       45%         1
 Call Canine Familiar     Summ           0%         N/A       83%         3
 Ignite Poison            Fire/Tmut/Pois 0%         N/A       83%         3
 Mephitic Cloud           Conj/Pois/Air  0%         N/A       83%         3
 Summon Guardian Golem    Hex/Summ       0%         N/A       83%         3
 Freezing Cloud           Conj/Ice/Air   0%         6-21      100%        5


Dungeon Overview and Level Annotations

Branches:
Dungeon (2/15)

Altars:

Shops:
D:2 *


Innate Abilities, Weirdness & Mutations

Your serpentine skin is tough. (AC +1)
You have supernaturally acute eyesight. (SInv)
Armour fits poorly on your strangely shaped body.
Your system is resistant to poisons. (rPois)
You cover ground very slowly.
You can spit poison.
You have a snake-like lower body.


Message History

The jackal bites you but does no damage.
You shoot an arrow. The arrow closely misses the jackal.
The jackal bites you but does no damage.
The jackal completely misses you.
You shoot an arrow. The arrow hits the jackal.
You kill the jackal!
No target in view!
No target in view!
You have got your breath back.
You see here a rat corpse.
You see here a jackal corpse.
Found a robe.
You now have 49 gold pieces (gained 3).
Found a stone staircase leading down.
There is a stone staircase leading down here.
Found a hand axe.
Found Iniedox's Assorted Antiques.
A rat comes into view.
You shoot an arrow. The arrow hits the rat.
You kill the rat!
No target in view!
No target in view!
No target in view!
A sourceless malevolence fills the Dungeon...
You fall into a shaft and drop 2 floors!
The shaft crumbles and collapses.
A ball python, a hobgoblin and a scorpion come into view.
Found a stone staircase leading up.
An orc priest comes into view. It is wielding a +0 hand axe.
The hobgoblin barely misses you. The hobgoblin attacks as you move away!
The hobgoblin hits you.
The orc priest calls down the wrath of Beogh upon you.
Beogh smites you! The hobgoblin misses you.
The orc priest invokes the aid of Beogh against you.
Pain shoots through your body!
You hear a shout! x2
The hobgoblin attacks as you move away! The hobgoblin barely misses you.
You hear a shout!
The orc priest calls down the wrath of Beogh upon you.
Beogh smites you!
You die...

...S..........
......#...#.#
............#
.........##.#
......#.## #
###...#.###.###
#.. #.s......
#.. #g.......
#. #@###.##. ##
#.# # #<# #o#
#.. ###


You could see a scorpion, an orc priest and a hobgoblin.

Vanquished Creatures
  A gnoll (D:1)
  2 endoplasms (D:1)
  A giant cockroach (D:2)
  2 goblins (D:1)
  A hobgoblin (D:1)
  5 jackals
  A kobold (D:1)
  A quokka (D:1)
  A bat (D:1)
  4 rats
19 creatures vanquished.

Vanquished Creatures (others)
  2 plants (D:1)
2 creatures vanquished.

Grand Total: 21 creatures vanquished

Notes
Turn   | Place    | Note
-------+----------+-------------------------------------------
     0 | D:1      | oldriver the Naga Hunter began the quest for the Orb.
     0 | D:1      | Reached XP level 1. HP: 19/19 MP: 1/1
   161 | D:1      | Found a faded altar of an unknown god.
   521 | D:1      | Reached XP level 2. HP: 26/26 MP: 2/2
   746 | D:1      | Reached skill level 4 in Bows
   747 | D:1      | Reached XP level 3. HP: 14/33 MP: 3/3
  1646 | D:2      | Found Iniedox's Assorted Antiques.
  1654 | D:2      | You fall into a shaft and drop 2 floors!
  1654 | D:4      | Noticed a scorpion
  1660 | D:4      | Killed from afar by an orc priest

Illustrated notes

Levels and vault maps discovered:
D:1:      dpeg_arrival_stone_temple_mockup, layout_loops_ring,
          hellmonk_ecumenical_altar_inner_sanctum, serial_forest,
          infiniplex_forest_lined_4_way, infiniplex_forest_clump_long,
          infiniplex_forest_clump_tiny, infiniplex_forest_end_2,
          infiniplex_forest_lined_ring, infiniplex_forest_straight_3,
          infiniplex_forest_straight_3, infiniplex_forest_end_1
D:2:      layout_basic, serial_shops, nicolae_shop_overgrown_old_shop,
          minmay_tromino_i2
D:4:      gammafunk_steamed_eel, layout_basic, nicolae_vehumet_radiance,
          chequers_serial_rivers_room_a, kennysheep_small_spiral, uniq_sigmund,
          uniq_pikel

Skill      XL: |  1  2 |
---------------+-------+-----
Stealth        | 2 |  2.7
Bows           | 4 |  4.1
Fighting       | |  2.4
Dodging        | |  1.5

Action                   || total
-------------------------++-------
 Fire: Shortbow          ||    54
 Abil: Spit Poison       ||     4
Armor: Leather armour    ||     7
Dodge: Dodged            ||    24

Table legend: (Time is in decaauts)
 A = Elapsed time spent in this place.
 B = Non-inter-level travel time spent in this place.
 C = Inter-level travel time spent in this place.
 D = Time resting spent in this place.
 E = Time spent auto-exploring this place.
 F = Levels seen in this place.
 G = Mean time per level.
                   A        B        C        D        E       F      G
               +--------+--------+--------+--------+--------+-----+--------+
         Total |   2118 |   1992 |    126 |    165 |   1672 |   3 |  706.0 |
       Dungeon |   2118 |   1992 |    126 |    165 |   1672 |   3 |  706.0 |
               +--------+--------+--------+--------+--------+-----+--------+

Top non-repeatable levels by time:
     D:1: 1914 daAuts
     D:2: 196 daAuts
     D:4: 8 daAuts
